 Dungeon Crawl Stone Soup version 0.25.0-1-g7eea58d (webtiles) character file.

Game seed: 12361303835760469028

74818 malesh the Fighter (level 15, -15/125 HPs)
             Began as a Demonspawn Gladiator on June 20, 2020.
             Was the Champion of Makhleb.
             Demolished by an ettin
             ... wielding a +4 great mace
              (49 damage)
             ... on level 2 of the Orcish Mines.
             The game lasted 03:02:05 (23538 turns).

malesh the Fighter (Demonspawn Gladiator)          Turns: 23538, Time: 03:02:05

Health: -15/125    AC: 20    Str: 19    XL:     15   Next: 7%
Magic:  19/19      EV: 23    Int: 11    God:    Makhleb [******]
Gold:   473        SH:  0    Dex: 24    Spells: 7/14 levels left

rFire    + . .     SeeInvis +   a - +5 trident (venom)
rCold    . . .     Gourm    .   (no shield)
rNeg     . . .     Faith    .   M - +0 acid dragon scales
rPois    .         Spirit   .   O - +1 hat {MR+}
rElec    .         Reflect  .   p - +1 cloak
rCorr    +         Harm     .   m - +0 pair of gloves
MR       ++...                  n - +2 pair of boots
Stlth    ++++......             Q - amulet of regeneration
HPRegen  0.70/turn              J - +6 ring of dexterity
MPRegen  0.16/turn              i - ring "Beal" {rF+ Dex+3 SInv Stlth-}

@: studying Dodging
A: antennae 2, yellow scales 3, nightstalker 2, augmentation 1
a: Minor Destruction, Lesser Servant of Makhleb, Major Destruction, Greater
Servant of Makhleb, Renounce Religion


You were on level 2 of the Orcish Mines.
You worshipped Makhleb.
Makhleb was exalted by your worship.
You were not hungry.

You visited 4 branches of the dungeon, and saw 23 of its levels.
You also visited: Bailey and Ice Cave.

You collected 2109 gold pieces.
You spent 1636 gold pieces at shops.

Inventory:

Hand Weapons
 a - a +5 trident of venom (weapon)
 b - the +2 hunting sling of Awkwardness {venom, Dex+4}
   (You found it on level 2 of the Lair of Beasts)

   It poisons the ammo it fires.
   It affects your dexterity (+4).
Missiles
 d - 123 sling bullets
Armour
 m - a +0 pair of gloves (worn)
 n - a +2 pair of boots (worn)
 p - a +1 cloak (worn)
 M - +0 acid dragon scales (worn)
 O - a +1 hat of magic resistance (worn)
Jewellery
 i - the ring "Beal" (right hand) {rF+ Dex+3 SInv Stlth-}
   (You found it on level 12 of the Dungeon)

   [ring of protection from fire]

   It affects your dexterity (+3).
   It protects you from fire.
   It lets you see invisible.
   It makes you less stealthy.
 o - an uncursed ring of positive energy
 J - a +6 ring of dexterity (left hand)
 Q - an amulet of regeneration (around neck)
 T - an uncursed ring of poison resistance
Wands
 s - a wand of flame (32)
 C - a wand of disintegration (19)
 W - a wand of acid (11)
Scrolls
 c - 2 scrolls of fear
 e - 4 scrolls of blinking
 h - 5 scrolls of identify
 u - 10 scrolls of teleportation
 v - 9 scrolls of remove curse
 L - 2 scrolls of magic mapping
 R - a scroll of silence
 U - a scroll of fog
Potions
 j - 2 potions of berserk rage
 q - 7 potions of curing
 z - 5 potions of heal wounds
 E - 6 potions of might
 F - 2 potions of resistance
 G - 6 potions of stabbing
 K - 5 potions of flight
 P - 2 potions of cancellation
Books
 N - a manual of Dodging
Comestibles
 f - 48 rations
 g - 14 chunks of flesh


   Skills:
 + Level 13.8 Fighting
 + Level 13.2 Polearms
 + Level 6.9(7.2) Slings
 - Level 3.0(5.3) Throwing
 + Level 9.0 Armour
 + Level 12.1 Dodging
 - Level 4.0 Stealth
 + Level 1.5 Necromancy
 - Level 3.9 Translocations
 - Level 5.7 Invocations


You had 7 spell levels left.
You knew the following spells:

 Your Spells              Type           Power        Failure   Level  Hunger
a - Blink                 Tloc           N/A          13%         2    ###....
b - Borgnjor's Vile Clut  Necr/Erth      #.........   100%        5    ######.

Your spell library contained the following spells:

 Spells                   Type           Power        Failure   Level  Hunger
 Apportation              Tloc           #.....       9%          1    ##.....
 Gell's Gravitas          Tloc           #.........   26%         3    ####...
 Lesser Beckoning         Tloc           #.........   26%         3    ####...
 Freeze                   Ice            #...         41%         1    ##.....
 Magic Dart               Conj           #...         41%         1    ##.....
 Summon Butterflies       Summ           #.......     41%         1    ##.....
 Call Imp                 Summ           #.......     54%         2    ###....
 Ensorcelled Hibernation  Hex/Ice        #.....       54%         2    ###....
 Searing Ray              Conj           #.....       54%         2    ###....
 Slow                     Hex            #.......     54%         2    ###....
 Confusing Touch          Hex            #.......     78%         3    ####...
 Conjure Flame            Conj/Fire      #.......     78%         3    ####...
 Dazzling Flash           Conj/Hex       #.....       78%         3    ####...
 Frozen Ramparts          Ice            #.....       78%         3    ####...
 Mephitic Cloud           Conj/Pois/Air  #.......     78%         3    ####...
 Ozocubu's Armour         Chrm/Ice       #.......     78%         3    ####...
 Tukima's Dance           Hex            #.......     78%         3    ####...
 Iskenderun's Mystic Bla  Conj/Tloc      #.......     89%         4    #####..
 Fulminant Prism          Conj/Hex       #.........   99%         4    #####..
 Hailstorm                Conj/Ice       #.......     99%         4    #####..
 Petrify                  Tmut/Erth      #.......     99%         4    #####..
 Summon Ice Beast         Ice/Summ       #.......     99%         4    #####..
 Alistair's Intoxication  Tmut/Pois      #.......     100%        5    ######.
 Metabolic Englaciation   Hex/Ice        #.........   100%        5    ######.
 Silence                  Hex/Air        #.........   100%        5    ######.
 Yara's Violent Unravell  Hex/Tmut       #.........   100%        5    ######.
 Darkness                 Hex            #.........   100%        6    #######
 Invisibility             Hex            #.......     100%        6    #######
 Shadow Creatures         Summ           N/A          100%        6    #######


Dungeon Overview and Level Annotations

Branches:
Dungeon (14/15)            Temple (1/1) D:7            Lair (6/6) D:10
  Swamp (0/4) Lair:4        Snake (0/4) Lair:3        Slime (0/5) Lair:5
    Orc (2/2) D:10            Elf (0/3) Orc:2        Bailey (visited)
  IceCv (visited)
 Vaults: D:13-14

Altars:
Ashenzari
Cheibriados
Dithmenos
Elyvilon
Fedhas
Gozag
Hepliaklqana
Kikubaaqudgha
Makhleb
Nemelex Xobeh
Okawaru
Qazlal
Ru
Sif Muna
Trog
Uskayaw
Vehumet
Wu Jian
Xom
Yredelemnul
Zin
The Shining One

Shops:
D:11 ?   Orc:1 %   Orc:2 :%=(

Annotations:
D:13 exclusion: ice statue
Lair:5 exclusion: oklob plant
Orc:1 3 runed translucent doors, PublicAnimeNo1's ghost, journeyman DgWn
Orc:2 LichieLich's ghost, journeyman DDFi


Innate Abilities, Weirdness & Mutations

You have a pair of antennae on your head.
You are completely covered in yellow scales. (AC +4, rCorr)
You are significantly more attuned to the shadows.
Your magical and physical power is slightly enhanced at high health.


Message History

The ettin barely misses you.
You hit the ettin but do no damage.
The ettin looks as sick as possible!
The ettin is heavily wounded.
You hit the ettin.
The ettin looks as sick as possible!
The ettin is heavily wounded.
The ettin misses you. The ettin barely misses you.
You puncture the ettin!
The ettin looks as sick as possible!
The ettin is severely wounded.
You completely miss the ettin.
The ettin is severely wounded.
The ettin hits you with a +4 great mace!
The ettin closely misses you.
You hit the ettin.
The ettin is almost dead.
You puncture the ettin!
The ettin looks as sick as possible!
The ettin is almost dead.
The ettin hits you with a +4 great mace!!
* * * LOW HITPOINT WARNING * * *
The ettin hits you with a +6 great mace!!!
You die...

##.## ### ##...## ###.##
#....######## ##....##
###..#.#.....©#
#......####....#.#O#..#)#
##.#....##.....#.#..##.W#
####............#W.##O.#
#............©#$#.O#.#
##........@C..#O....©#
##...........©#?#..#.#
#......#......#$.##.$#
##..#..........#..##..#
#...#..........#.#..#.#
##.###.........#......#
### #.........####****
##.......### ##.......##


You could see an ettin (extremely poisoned), a two-headed ogre, an ogre and
LichieLich's ghost.

Vanquished Creatures
  Gastronok (Lair:3)
  2 stone giants
  Josephine (Orc:1)
  Erolcha (D:9)
  3 ogre magi (Orc:2)
  A catoblepas (Lair:2)
  7 hydras
  The ghost of Hienro the Wallflower, a journeyman DsFi of Uskayaw (Lair:1)
  18 two-headed ogres
  Urug (D:12)
  A necromancer (Lair:2)
  An orc knight (Bailey)
  A wolf spider zombie (D:13)
  3 ugly things
  2 manticores
  5 elephants
  6 black mambas
  2 gargoyles
  7 spiny frogs
  A torpor snail (Lair:3)
  2 kobold demonologists (Bailey)
  5 rime drakes
  10 komodo dragons
  4 trolls
  A tyrant leech (Lair:4)
  8 polar bears
  Grinder (D:3)
  A slime creature (Lair:5)
  4 blink frogs (Lair:5)
  3 hornets
  13 hippogriffs
  4 dream sheep (Lair:6)
  41 yaks
  Sigmund (D:4)
  A spriggan (D:7)
  5 wraiths
  3 wyverns (Lair:6)
  8 basilisks
  2 hungry ghosts
  2 vampire mosquitoes (D:13)
  A warg (Orc:2)
  Edmund (D:4)
  2 swamp worms (Lair:4)
  An acid dragon (D:9)
  Duvessa (D:6)
  15 porcupines
  21 water moccasins
  5 phantoms
  10 ice beasts
  21 orc warriors
  2 sky beasts
  A necrophage (D:11)
  9 black bears
  30 ogres
  2 centaurs
  9 wolves
  11 crocodiles
  A big kobold (D:9)
  15 bullfrogs
  2 wyvern skeletons (D:9)
  Dowan (D:6)
  4 scorpions
  14 killer bees
  17 wights
  4 howler monkeys
  4 electric eels
  6 jellies
  6 crimson imps
  2 quasits
  3 bullfrog zombies (D:6)
  The ghost of auberdahn the Ducker, a weakling FeBe of Trog (D:3)
  6 hounds
  3 bullfrog skeletons
  2 centaur zombies
  9 orc priests
  A centaur skeleton (D:7)
  Terence (D:3)
  10 iguanas
  3 yak simulacra (Lair:2)
  19 orc wizards
  9 worker ants
  3 polar bear simulacra (Lair:2)
  A wolf simulacrum (Lair:2)
  6 ogre zombies (D:10)
  2 hound skeletons
  A mummy (D:5)
  A howler monkey zombie (D:8)
  Robin (D:1)
  A worker ant zombie (D:6)
  8 gnolls
  19 adders
  2 oozes
  An adder skeleton (D:9)
  An adder zombie (D:3)
  2 worms (D:3)
  2 dart slugs (D:1)
  2 leopard geckos
  75 orcs
  8 giant cockroaches
  17 hobgoblins
  8 jackals
  3 quokkas
  2 ball pythons (Lair:3)
  A bat (D:2)
  4 frilled lizards
  27 goblins
  2 goblin skeletons (D:10)
  2 goblin zombies (D:10)
  4 hobgoblin zombies
  A jackal skeleton (D:8)
  15 kobolds
  2 orc skeletons (D:10)
  13 orc zombies
  3 quokka skeletons
  8 rats
  4 river rat simulacra (Lair:2)
  A plant (Lair:5)
722 creatures vanquished.

Vanquished Creatures (collateral kills)
  A cyclops (D:11)
  An elephant (Lair:3)
  A rime drake (Lair:5)
  A blink frog (Lair:3)
  A wraith (Orc:1)
  2 yaks (Lair:2)
  A water moccasin (Lair:3)
  A big kobold (D:11)
  An orc (Orc:1)
  3 kobolds (D:11)
  A fungus (Lair:3)
14 creatures vanquished.

Vanquished Creatures (others)
  An orc wizard (Orc:1)
  3 orcs (Orc:1)
  8 fungi
  15 plants
27 creatures vanquished.

Grand Total: 763 creatures vanquished

Notes
Turn   | Place    | Note
-------+----------+-------------------------------------------
     0 | D:1      | malesh the Demonspawn Gladiator began the quest for the
                  | Orb.
     0 | D:1      | Reached XP level 1. HP: 16/16 MP: 1/1
   354 | D:1      | Gained mutation: You are partially covered in yellow
                  | scales. (AC +2) [demonic ancestry]
   354 | D:1      | Reached XP level 2. HP: 12/22 MP: 2/2
   800 | D:1      | Gained mutation: You have a pair of small antennae on your
                  | head. [demonic ancestry]
   800 | D:1      | Reached XP level 3. HP: 26/28 MP: 3/3
   972 | D:2      | Noticed Robin
  1315 | D:1      | Killed Robin
  1674 | D:2      | Gained mutation: You have a pair of antennae on your head.
                  | [demonic ancestry]
  1674 | D:2      | Reached XP level 4. HP: 35/35 MP: 4/4
  2056 | D:2      | Found an opulent altar of Gozag.
  2372 | D:2      | Found a faded altar of an unknown god.
  2580 | D:3      | Found a transporter.
  2583 | D:3      | Found a transporter.
  2583 | D:3      | Noticed auberdahn's ghost (weakling FeBe)
  2692 | D:3      | Noticed Grinder
  2775 | D:3      | Noticed Terence
  2790 | D:3      | Killed Terence
  2790 | D:3      | Gained mutation: You are mostly covered in yellow scales.
                  | (AC +3) [demonic ancestry]
  2790 | D:3      | Reached XP level 5. HP: 33/42 MP: 5/5
  3097 | D:4      | You fall into a shaft and drop 1 floor!
  3097 | D:5      | Entered Level 5 of the Dungeon
  3621 | D:5      | Reached XP level 6. HP: 49/49 MP: 6/6
  3783 | D:3      | Found a sparkling altar of Nemelex Xobeh.
  3849 | D:3      | Paralysed by Grinder for 3 turns
  3855 | D:3      | Killed Grinder
  3855 | D:3      | Reached skill level 5 in Fighting
  3855 | D:3      | Reached skill level 5 in Polearms
  4087 | D:4      | Reached XP level 7. HP: 53/56 MP: 7/7
  4151 | D:4      | Noticed Sigmund
  4160 | D:4      | Killed Sigmund
  4171 | D:4      | Noticed Edmund
  4189 | D:4      | Killed Edmund
  4955 | D:5      | Gained mutation: You are slightly more attuned to the
                  | shadows. [demonic ancestry]
  4955 | D:5      | Reached XP level 8. HP: 64/64 MP: 8/8
  5515 | D:5      | Reached skill level 1 in Stealth
  5731 | D:6      | Found a shattered altar of Ashenzari.
  5792 | D:6      | Noticed Duvessa
  5797 | D:6      | Noticed Dowan
  5807 | D:6      | Killed Duvessa
  5814 | D:6      | Killed Dowan
  5814 | D:6      | Reached skill level 5 in Dodging
  6426 | D:7      | Gained mutation: You are completely covered in yellow
                  | scales. (AC +4, rCorr) [demonic ancestry]
  6426 | D:7      | Reached XP level 9. HP: 67/72 MP: 7/9
  6543 | D:7      | Found a glowing silver altar of Zin.
  6544 | D:7      | Found a shimmering altar of Xom.
  6544 | D:7      | Found a sparkling altar of Nemelex Xobeh.
  6547 | D:7      | Found a glowing silver altar of Zin.
  6547 | D:7      | Found a shimmering altar of Xom.
  6547 | D:7      | Found a shimmering altar of Xom.
  6909 | D:7      | Found a staircase to the Ecumenical Temple.
  6917 | Temple   | Entered the Ecumenical Temple
  7035 | Temple   | Became a worshipper of Makhleb the Destroyer
  7387 | D:7      | Reached skill level 1 in Armour
  7766 | D:8      | Reached * piety under Makhleb
  7924 | D:8      | Gained mutation: You are significantly more attuned to the
                  | shadows. [demonic ancestry]
  7924 | D:8      | Reached XP level 10. HP: 78/82 MP: 10/10
  7939 | D:8      | Found a blossoming altar of Fedhas.
  8100 | D:8      | Found a radiant altar of Vehumet.
  8100 | D:8      | Found an ornate altar of the Wu Jian Council.
  8261 | D:9      | Reached skill level 1 in Invocations
  8395 | D:9      | Noticed a two-headed ogre
  8429 | D:8      | Killed a two-headed ogre
  8545 | D:9      | Reached ** piety under Makhleb
  8639 | D:9      | Paralysed by a hornet for 3 turns
  8984 | D:9      | Noticed Erolcha
  8993 | D:9      | Killed Erolcha
  8993 | D:9      | Reached skill level 10 in Fighting
  8993 | D:9      | Reached XP level 11. HP: 90/90 MP: 12/14
  9121 | D:9      | Found a glowing silver altar of Zin.
  9337 | D:10     | Entered Level 10 of the Dungeon
  9470 | D:10     | Found a staircase to the Lair.
  9493 | D:10     | Reached *** piety under Makhleb
  9644 | D:10     | Noticed a two-headed ogre
  9656 | D:10     | Killed a two-headed ogre
  9656 | D:10     | Reached skill level 5 in Invocations
  9831 | D:10     | Reached skill level 10 in Polearms
 10085 | D:10     | Reached **** piety under Makhleb
 10190 | D:10     | Found a staircase to the Orcish Mines.
 10491 | D:11     | Found Sufyqyit's Magic Scroll Emporium.
 10525 | D:11     | Learned a level 2 spell: Blink
 10595 | D:11     | Bought a scroll of enchant weapon for 97 gold pieces
 10595 | D:11     | Bought a scroll of remove curse for 39 gold pieces
 10595 | D:11     | Bought a scroll of identify for 26 gold pieces
 10595 | D:11     | Bought a scroll of enchant armour for 97 gold pieces
 10595 | D:11     | Bought a scroll of enchant armour for 97 gold pieces
 10595 | D:11     | Bought a scroll of teleportation for 39 gold pieces
 10595 | D:11     | Bought a scroll of identify for 26 gold pieces
 10595 | D:11     | Bought a scroll of teleportation for 39 gold pieces
 10595 | D:11     | Bought a scroll of enchant weapon for 97 gold pieces
 10595 | D:11     | Bought a scroll of identify for 26 gold pieces
 10595 | D:11     | Bought 3 scrolls of identify for 78 gold pieces
 10773 | D:11     | Noticed a brown ugly thing
 10791 | D:11     | Killed a brown ugly thing
 10836 | D:11     | Reached skill level 1 in Translocations
 10876 | D:11     | Noticed a four-headed hydra
 10883 | D:11     | Killed a four-headed hydra
 10883 | D:11     | Reached skill level 5 in Armour
 11052 | D:11     | Noticed a two-headed ogre
 11061 | D:11     | Killed a two-headed ogre
 11276 | D:11     | Reached XP level 12. HP: 100/100 MP: 16/16
 11575 | D:12     | Found a flagged portal.
 11588 | Bailey   | Entered a bailey
 11758 | Bailey   | Found an iron altar of Okawaru.
 11907 | Bailey   | Reached ***** piety under Makhleb
 12401 | D:12     | Got a shimmering bronze ring
 12420 | D:12     | Identified the ring "Beal" {rF+ Dex+3 SInv Stlth-} (You
                  | found it on level 12 of the Dungeon)
 12722 | D:12     | Noticed Urug
 12760 | D:12     | Killed Urug
 13219 | Lair:1   | Entered Level 1 of the Lair of Beasts
 13687 | Lair:1   | Found a transporter.
 13721 | Lair:1   | Found a transporter.
 13785 | Lair:1   | Noticed Hienro's ghost (journeyman DsFi)
 14290 | Lair:2   | Got a crystal hunting sling
 14319 | Lair:2   | Got a smoking leather armour
 14340 | Lair:2   | Identified the +2 hunting sling of Awkwardness {venom,
                  | Dex+4} (You found it on level 2 of the Lair of Beasts)
 14351 | Lair:2   | Identified the +1 leather armour of Vodol {rF- rCorr MP+9
                  | Stlth+} (You found it on level 2 of the Lair of Beasts)
 14801 | Lair:2   | Gained mutation: Your magical and physical power is
                  | slightly enhanced at high health. [demonic ancestry]
 14801 | Lair:2   | Reached XP level 13. HP: 109/109 MP: 17/17
 15566 | Lair:3   | Found a staircase to the Snake Pit.
 15590 | Lair:3   | Reached ****** piety under Makhleb
 15709 | Lair:3   | Noticed Gastronok
 16216 | Lair:3   | Reached skill level 1 in Slings
 16575 | Lair:3   | Killed Gastronok
 17170 | Lair:4   | Reached skill level 10 in Dodging
 17513 | Lair:4   | Found a staircase to the Swamp.
 18368 | Lair:5   | Found a staircase to the Slime Pits.
 18800 | Lair:6   | Entered Level 6 of the Lair of Beasts
 18992 | Lair:6   | Reached XP level 14. HP: 118/118 MP: 18/18
 19338 | D:3      | Killed auberdahn's ghost
 19599 | Lair:1   | Killed Hienro's ghost
 20392 | D:13     | Reached skill level 5 in Slings
 20430 | D:13     | Found a frozen archway.
 20487 | IceCv    | Entered an ice cave
 20844 | D:13     | Found a stormy altar of Qazlal.
 21854 | Lair:6   | Noticed a balrug
 22065 | Orc:1    | Entered Level 1 of the Orcish Mines
 22072 | Orc:1    | Found Wysuarezo's Food Shoppe.
 22087 | Orc:1    | Found a runed translucent gate.
 22088 | Orc:1    | Found a runed translucent gate.
 22091 | Orc:1    | Noticed a stone giant
 22106 | Orc:1    | Killed a stone giant
 22189 | Orc:1    | Found a runed translucent gate.
 22219 | Orc:1    | Identified the cursed +1 glaive "Nexerimo" {vorpal, rPois
                  | rC++ Int-5 Stlth+}
 22219 | Orc:1    | Identified the +10 plate armour of Tixekk {*Slow rF+ rC+}
 22219 | Orc:1    | Noticed an orc warlord
 22290 | Orc:1    | Noticed Josephine
 22307 | Orc:1    | Killed Josephine
 22473 | Orc:1    | Identified the +9 eveningstar "Tinump" {venom, rPois rF-
                  | MR+ Dex+2}
 22476 | Orc:1    | Noticed PublicAnimeNo1's ghost (journeyman DgWn)
 22528 | Orc:2    | Entered Level 2 of the Orcish Mines
 22528 | Orc:2    | Noticed a stone giant
 22541 | Orc:2    | Killed a stone giant
 22930 | Orc:2    | Found a staircase to the Elven Halls.
 23270 | Orc:2    | Found Yplynn's Food Emporium.
 23270 | Orc:2    | Found Etrud's Book Boutique.
 23271 | Orc:2    | Found Venn's Weapon Shop.
 23271 | Orc:2    | Found Keishroadu's Jewellery Emporium.
 23283 | Orc:2    | Bought a book of Dreams for 975 gold pieces
 23289 | Orc:2    | Learned a level 5 spell: Borgnjor's Vile Clutch
 23335 | Orc:2    | Paralysed by an ogre mage for 2 turns
 23340 | Orc:2    | Reached XP level 15. HP: 125/125 MP: 19/19
 23350 | Orc:2    | Reached skill level 1 in Necromancy
 23414 | Orc:2    | Found a transporter.
 23507 | Orc:2    | Noticed LichieLich's ghost (journeyman DDFi)
 23511 | Orc:2    | Found a transporter.
 23538 | Orc:2    | Demolished by an ettin

Illustrated notes

Levels and vault maps discovered:
D:1:      tarquinn_simple_flora_water_c, layout_loops_ring, minmay_door_square,
          minmay_octomino_j4
D:2:      layout_basic, nicolae_gozag_seed_capital,
          chequers_ecumenical_altar_lobes, uniq_robin
D:3:      layout_basic, gammafunk_ghost_arena, nemelex_spade_bored_becter,
          uniq_terence, uniq_grinder
D:4:      layout_gridville, first_ration, minmay_misc_feat_room,
          sigmund_edmund_badplayer
D:5:      layout_loops_corners, minmay_mini_ossuary
D:6:      layout_basic, ashenzari_altar_1, minmay_misc_feat_five, uniq_duvessa
D:7:      layout_loops_ring, doesnt_xom_only_xom, minmay_temple_entry_trees,
          the_bakery
D:8:      layout_cave_pools, gammafunk_temple_overflow_statue,
          kennysheep_mini_moat
D:9:      layout_rooms, zin_statuary, uniq_erolcha
D:10:     layout_rooms, minmay_lair_entry_grove, zombieorc1_lemuel
D:11:     layout_big_octagon, serial_shops, shop
D:12:     layout_rooms, enter_bailey_2, lemuel_flamethrower_3, uniq_urug
D:13:     lemuel_ice_statue, layout_loops_cross,
          portal_ice_cave_entry_ice_beasts, basic_altar
D:14:     layout_long_grid, david_vaults_2, minmay_splitting_lines
Temple:   regret_index_temple_waves
Lair:1:   layout_chaotic_city, gammafunk_ghost_arena, grunt_megastairs_2
Lair:2:   beast_lair_carwin_large_4, layout_chaotic_city, eino_house_with_fridge
Lair:3:   layout_concentric_octagons, minmay_snake_entry_six_corridors,
          wad_woods_road_02, st_stairs_5, uniq_gastronok
Lair:4:   layout_gridlike, minmay_swamp_entry_worms,
          chequers_serial_rivers_micro_d, serial_bayou_pond_a,
          grunt_megastairs_1
Lair:5:   layout_gridlike, minmay_slime_entry_pillars, minmay_lair_drake_nest,
          infiniplex_staircase_pool, grunt_megastairs_4
Lair:6:   hangedman_lair_tendril_chambers, layout_small_grid, wormcave,
          uniq_snorg
Orc:1:    layout_diamond_mine, serial_shops, shop, biasface_ghost_orc_armoury,
          uniq_josephine
Orc:2:    st_orc_ogre_mass, layout_caves, gammafunk_ghost_smash, rock_pile

Skill      XL: |  1  2  3  4  5  6  7  8  9 10 11 12 13 14 15 |
---------------+----------------------------------------------+-----
Polearms       | 3 4 5 6 7 8 9 10 11 12 13 | 13.2
Dodging        | 3 4 5 6 7 8 10 12 | 12.1
Fighting       | 3 4 5 6 7 8 10 11 12 13 | 13.8
Stealth        | 2 4 |  4.0
Armour         | 2 3 5 6 7 9 |  9.0
Invocations    | 4 5 |  5.7
Translocations | 1 3 |  3.9
Throwing       | 2 3 |  3.0
Slings         | 4 6 |  6.9
Necromancy     | 1 |  1.5

Action                   |  1- 3 |  4- 6 |  7- 9 | 10-12 | 13-15 || total
-------------------------+-------+-------+-------+-------+-------++-------
Melee: Trident           |   128 |   181 |   357 |  1174 |  1264 ||  3104
 Fire: Hunting sling     |       |       |       |       |    14 ||    14
Throw: Throwing net      |       |       |     2 |     1 |       ||     3
 Cast: Blink             |       |       |       |     1 |     1 ||     2
Invok: Lesser Servant of |       |       |       |     2 |     7 ||     9
       Minor Destruction |       |       |       |     1 |       ||     1
       Greater Servant o |       |       |       |       |     1 ||     1
  Use: Scroll            |       |     6 |     8 |    17 |    14 ||    45
       Potion            |       |     1 |     1 |       |     2 ||     4
 Stab: Sleeping          |     4 |       |    12 |    30 |    31 ||    77
       Held in net/web   |       |       |     2 |       |       ||     2
       Distracted        |       |       |     5 |     6 |    13 ||    24
  Eat: Chunk             |     3 |     7 |    13 |    25 |    29 ||    77
Armor: Leather armour    |    44 |    51 |    74 |   183 |       ||   352
       Acid dragon scale |       |       |       |    39 |   270 ||   309
Dodge: Dodged            |    86 |   106 |   211 |   711 |   878 ||  1992
